 Dungeon Crawl Stone Soup version 0.26-a0-611-g354ed81502 (webtiles) character file.

Game seed: 17649628717173340198

1295 Hastur the Grave Robber (level 8, -9/84 HPs)
             Began as an Ogre Necromancer on Sept 5, 2020.
             Was an Initiate of Gozag.
             Mangled by an orc warrior
             ... wielding a +0 trident
              (18 damage)
             ... on level 6 of the Dungeon.
             The game lasted 00:25:45 (7216 turns).

Hastur the Grave Robber (Ogre Necromancer)          Turns: 7216, Time: 00:25:46

Health: -9/84      AC:  3    Str: 13    XL:     8   Next: 56%
Magic:  9/16       EV:  1    Int: 18    God:    Gozag
Gold:   250        SH:  0    Dex: -5 (9) Spells: 13/18 levels left

rFire    . . .     SeeInvis +   F - +0 short sword (elec)
rCold    . . .     Faith    .   (no shield)
rNeg     . . .     Spirit   .   a - +0 robe
rPois    .         Reflect  .   (helmet restricted)
rElec    .         Harm     .   (no cloak)
rCorr    .                      (gloves unavailable)
MR       .....                  (boots unavailable)
Stlth    ..........             e - amulet of magic regeneration
HPRegen  0.24/turn              z - ring of see invisible
MPRegen  0.40/turn              r - ring of wizardry

@: gold aura, slowed, lost dexterity, very slow
A: large, unfitting armour, tough skin 1
a: Potion Petition, Call Merchant, Bribe Branch, Renounce Religion


You were on level 6 of the Dungeon.
You worshipped Gozag.
Gozag was aware of your devotion.
You visited 1 branch of the dungeon, and saw 6 of its levels.

You collected 526 gold pieces.
You spent 165 gold pieces at shops.
You paid 111 gold pieces to Gozag.

Inventory:

Hand Weapons
 j - a +0 mace of holy wrath
   (You found it on level 1 of the Dungeon)
 q - a +0 hunting sling
   (You took it off a goblin on level 2 of the Dungeon)
 w - a +2 dagger of speed
   (You found it on level 4 of the Dungeon)
 F - a +0 short sword of electrocution (weapon)
   (You took it off an orc on level 5 of the Dungeon)
Missiles
 c - 276 stones (quivered)
 l - 10 boomerangs
Armour
 a - a +0 robe (worn)
 C - a +1 kite shield of fire resistance
   (You bought it in a shop on level 4 of the Dungeon)
Magical Staves
 b - an uncursed staff of fire
   (You found it on level 5 of the Dungeon)
Jewellery
 e - an amulet of magic regeneration (around neck)
   (You found it on level 3 of the Dungeon)
 r - a ring of wizardry (right hand)
   (You found it on level 2 of the Dungeon)
 z - a ring of see invisible (left hand)
   (You found it on level 1 of the Dungeon)
Wands
 d - a wand of iceblast (5)
   (You took it off Ijyb on level 4 of the Dungeon)
 x - a wand of acid (11)
   (You found it on level 3 of the Dungeon)
 G - a wand of enslavement (6)
   (You found it on level 6 of the Dungeon)
Scrolls
 h - 5 scrolls of remove curse {@r2}
 i - a scroll of blinking
 k - 2 scrolls of teleportation {unknown}
 n - a scroll of fear {unknown}
 o - 3 scrolls of amnesia {unknown}
 p - a scroll of immolation {unknown}
 s - 2 scrolls of magic mapping
 t - 2 scrolls of enchant armour {unknown}
 u - a scroll of fog {unknown}
 v - a scroll of enchant weapon {unknown}
 y - a scroll of noise {unknown}
 D - 8 scrolls of identify {@r1}
Potions
 f - 2 potions of mutation {unknown}
 g - a potion of flight {unknown}
 m - 2 potions of stabbing {unknown}
 A - 2 potions of brilliance {unknown}
 B - 2 potions of resistance
 E - a potion of ambrosia {unknown}


   Skills:
 + Level 6.3 Fighting
 - Level 1.7 Dodging
 - Level 1.4 Stealth
 + Level 2.7 Shields
 + Level 5.9 Spellcasting
 * Level 6.9 Necromancy


You had 13 spell levels left.
You knew the following spells:

 Your Spells              Type           Power        Failure   Level
a - Pain                  Necr           ####         1%          1
q - Vampiric Draining     Necr           ####......   1%          3
u - Animate Skeleton      Necr           ####..       1%          1

Your spell library contained the following spells:

 Spells                   Type           Power        Failure   Level
 Animate Dead             Necr           ####......   2%          4
 Agony                    Necr           ####....     9%          5


Dungeon Overview and Level Annotations

Branches:
Dungeon (6/15)
 Temple: D:4-7

Altars:
Ashenzari
Dithmenos
Gozag
Hepliaklqana
Okawaru
Ru
Uskayaw
Vehumet
Wu Jian
Yredelemnul
Zin
The Shining One

Shops:
D:4 =*[


Innate Abilities, Weirdness & Mutations

You are too large for most types of armour.
You have tough skin. (AC +1)


Message History

You kill the quasit!
Unknown command.
There is an open door here.
You start resting.
You enter the shallow water.
Moving in this stuff is going to be slow.
You now have 233 gold pieces (gained 3).
c - 274 stones (gained 2)
You enter the shallow water.
Moving in this stuff is going to be slow.
There is an open door here.
You now have 242 gold pieces (gained 9).
c - 276 stones (gained 2)
You now have 250 gold pieces (gained 8).
Found a runed falchion.
You see here a runed falchion.
An orc wizard comes into view. It is wielding a +0 dagger.
The orc wizard moves out of view.
An orc warrior comes into view.
It is wielding a +0 trident and wearing a +1 chain mail of cold resistance.
Aim: an orc warrior, wielding a +0 trident and wearing a +1 chain mail of cold resistance (chance to defeat MR: 84%)
The orc warrior writhes in agony.
Unknown command.
An orc comes into view. It is wielding a +0 short sword.
The orc warrior hits you from afar with a +0 trident!
The orc warrior hits you from afar with a +0 trident!
The orc warrior hits you from afar with a +0 trident!
The orc shouts!
The orc wizard hits you with a +0 dagger.
The orc warrior barely misses you.
Aim: an orc wizard, wielding a +0 dagger and wearing a +0 robe You feel life coursing into your body.
The orc wizard hits you with a +0 dagger.
The orc warrior hits you from afar with a +0 trident!
* * * LOW HITPOINT WARNING * * *
The orc wizard drinks a potion.
The orc wizard is healed!
Aim: an orc wizard, wielding a +0 dagger and wearing a +0 robe (lightly wounded)
You feel life coursing into your body.
The orc warrior hits you from afar with a +0 trident!!
* * * LOW HITPOINT WARNING * * *
The orc wizard casts a spell at you. The magic dart hits you!
* * * LOW HITPOINT WARNING * * *
Aim: an orc wizard, wielding a +0 dagger and wearing a +0 robe (severely wounded)
You kill the orc wizard!
You feel life coursing into your body.
The orc warrior hits you from afar with a +0 trident.
* * * LOW HITPOINT WARNING * * *
The orc warrior hits you from afar with a +0 trident!!
You die...
Your body crumbles into a pile of gold.

##############
#).........@.#
#.##########$#
######.##########o#
.................o#######
.#.......................
...###.####.#####..#####.
#.## #... # #..#
#.####.#### #..# $
..........# #..#


You could see an orc warrior and an orc.

Vanquished Creatures
  2 ice beasts
  2 ogres
  4 scorpions
  4 hounds
  A quasit (D:6)
  A bullfrog skeleton (D:6)
  2 centaur skeletons
  2 orc priests
  3 orc wizards
  Ijyb (D:4)
  3 worker ants
  A hound skeleton (D:4)
  5 gnolls
  4 adders
  A shadow imp (D:5)
  A white imp (D:6)
  An ufetubus (D:6)
  2 oozes (D:2)
  An adder skeleton (D:2)
  2 worms (D:3)
  3 dart slugs
  A leopard gecko (D:3)
  19 orcs
  4 ball pythons
  4 bats
  4 giant cockroaches
  11 goblins
  8 hobgoblins
  2 jackals (D:6)
  8 kobolds
  A quokka (D:5)
  3 frilled lizards
  2 leopard gecko zombies
  6 rats
119 creatures vanquished.

Vanquished Creatures (collateral kills)
  An orc wizard (D:3)
1 creature vanquished.

Vanquished Creatures (others)
  9 toadstools (D:6)
9 creatures vanquished.

Grand Total: 129 creatures vanquished

Notes
Turn   | Place    | Note
-------+----------+-------------------------------------------
     0 | D:1      | Hastur the Ogre Necromancer began the quest for the Orb.
     0 | D:1      | Reached XP level 1. HP: 16/16 MP: 3/3
     2 | D:1      | Learned a level 1 spell: Animate Skeleton
   452 | D:1      | Reached skill level 1 in Fighting
   452 | D:1      | Reached XP level 2. HP: 22/27 MP: 0/5
  1419 | D:2      | Found a shadowy altar of Dithmenos.
  1419 | D:2      | Noticed a shadow
  1421 | D:2      | Found a hazy altar of Hepliaklqana.
  1512 | D:2      | Reached XP level 3. HP: 16/35 MP: 0/7
  1900 | D:2      | Reached XP level 4. HP: 29/44 MP: 0/9
  2822 | D:3      | Reached XP level 5. HP: 46/53 MP: 1/10
  3132 | D:3      | Found an ornate altar of the Wu Jian Council.
  3396 | D:3      | Learned a level 3 spell: Vampiric Draining
  3726 | D:3      | Reached XP level 6. HP: 47/62 MP: 3/12
  3856 | D:3      | Reached skill level 5 in Necromancy
  3935 | D:3      | Found a glowing golden altar of the Shining One.
  3938 | D:3      | Found a shattered altar of Ashenzari.
  3941 | D:3      | Found a basalt altar of Yredelemnul.
  4381 | D:4      | Found Taphaine's General Store.
  4406 | D:4      | Found a radiant altar of Vehumet.
  4437 | D:4      | Found a hide-covered altar of Uskayaw.
  4837 | D:4      | Found Badoy's Antique Armour Boutique.
  4871 | D:4      | Bought a +1 kite shield of fire resistance for 165 gold
                  | pieces
  4958 | D:4      | Reached XP level 7. HP: 61/71 MP: 8/14
  5150 | D:4      | Noticed Ijyb
  5158 | D:4      | Killed Ijyb
  5316 | D:4      | Reached skill level 1 in Shields
  5337 | D:4      | Reached skill level 5 in Fighting
  5388 | D:4      | Found Aptioqaga's Jewellery Shop.
  5415 | D:4      | Reached skill level 5 in Spellcasting
  5604 | D:5      | Entered Level 5 of the Dungeon
  5973 | D:5      | Reached XP level 8. HP: 81/81 MP: 16/16
  5995 | D:5      | Found an opulent altar of Gozag.
  6151 | D:5      | Found a glowing silver altar of Zin.
  6284 | D:5      | Found a sacrificial altar of Ru.
  6370 | D:5      | Became a worshipper of Gozag Ym Sagoz the Greedy
  6987 | D:6      | Found an iron altar of Okawaru.
  7015 | D:6      | Lost dexterity.
  7216 | D:6      | Mangled by an orc warrior

Illustrated notes

Levels and vault maps discovered:
D:1:      evilmike_arrival_crescent, layout_basic
D:2:      layout_basic, riverfiend_overflow_shadow_ancestor
D:3:      layout_basic, nicolae_overflow_crystal_walls,
          grunt_temple_overflow_diamond, roderic_three_in_a_row,
          minmay_increasing_density
D:4:      layout_basic, vehumet_crystals, eat_drink_and_be_merry_uskayaw,
          serial_shops, shop_fountains, shop_fountains, shop, uniq_ijyb
D:5:      layout_cave_pools, nicolae_gozag_seed_capital, zin_statuary,
          nicolae_ru_awakened_eye
D:6:      cheibrodos_fertilizer, layout_loops_ring, okawaru_altar_gauntlet_db,
          lemuel_round_altar, minmay_temple_entry_water_ring, uniq_maggie

Skill      XL: |  1  2  3  4  5  6  7  8 |
---------------+-------------------------+-----
Fighting       | 1 2 3 4 5 6 |  6.3
Spellcasting   | 3 4 5 |  5.9
Necromancy     | 4 5 6 |  6.9
Shields        | 1 2 |  2.7
Dodging        | |  1.7
Stealth        | |  1.4

Action                   |  1- 3 |  4- 6 |  7- 9 || total
-------------------------+-------+-------+-------++-------
Melee: Dagger            |    20 |    33 |       ||    53
       Short sword       |       |       |    41 ||    41
       Staff             |       |       |     5 ||     5
 Cast: Pain              |    52 |   118 |    90 ||   260
       Animate Skeleton  |       |     7 |     4 ||    11
       Vampiric Draining |       |     8 |    16 ||    24
Evoke: Wand              |       |       |     2 ||     2
  Use: Potion            |       |     3 |       ||     3
       Scroll            |       |     4 |     1 ||     5
Armor: Robe              |     9 |    11 |    59 ||    79
Dodge: Dodged            |    15 |    25 |    45 ||    85

Table legend: (Time is in decaauts)
 A = Elapsed time spent in this place.
 B = Non-inter-level travel time spent in this place.
 C = Inter-level travel time spent in this place.
 D = Time resting spent in this place.
 E = Time spent auto-exploring this place.
 F = Levels seen in this place.
 G = Mean time per level.
                   A        B        C        D        E       F      G
               +--------+--------+--------+--------+--------+-----+--------+
         Total |   7374 |   7117 |    257 |   2166 |   3145 |   6 | 1229.0 |
       Dungeon |   7374 |   7117 |    257 |   2166 |   3145 |   6 | 1229.0 |
               +--------+--------+--------+--------+--------+-----+--------+

Top non-repeatable levels by time:
     D:2: 1712 daAuts
     D:1: 1385 daAuts
     D:4: 1371 daAuts
     D:3: 1186 daAuts
     D:5: 870 daAuts
     D:6: 848 daAuts
